 Dungeon Crawl Stone Soup version 0.31.0-11-ge490571c62 (webtiles) character file.

Game seed: 15991435933738128974

81 qw the Shooter (level 4, -3/22 HPs)
             Began as a Spriggan Hunter on Feb 4, 2024.
             Incinerated by a bombardier beetle (5 damage)
             ... with a burning spray
             ... on level 2 of the Dungeon.
             The game lasted 00:00:27 (1722 turns).

qw the Shooter (Spriggan Hunter)                    Turns: 1722, Time: 00:00:27

Health: -3/22      AC:  2    Str:  7    XL:     4   Next: 19%
Magic:  5/5        EV: 19    Int: 10    God:
Gold:   148        SH:  0    Dex: 20    Spells: 3/3 levels left

rFire   . . .        a - +1 shortbow (flame)
rCold   . . .        (shield currently unavailable)
rNeg    . . .        c - +0 robe
rPois   .            g - +0 hat {Will+}
rElec   .            (no cloak)
rCorr   .            (gloves unavailable)
SInv    +            (boots unavailable)
Will    +....        (no amulet)
Stlth   +            (no ring)
HPRegen 0.23/turn    (no ring)
MPRegen 0.09/turn

%: no passive effects
@: on fire, glowing, very quick
A: very small, no large weapons, unfitting armour, see invisible, speed 3
a: no special abilities


You were on level 2 of the Dungeon.
You visited 1 branch of the dungeon, and saw 3 of its levels.

You collected 148 gold pieces.


Innate Abilities, Weirdness & Mutations

You are very small and have problems with some larger weapons.
You are too small for most types of armour.
You have supernaturally acute eyesight. (SInv)
You cover ground extremely quickly. (Speed+++)


   Skills:
 - Level 1.5 Fighting
 - Level 5.2 Ranged Weapons
 + Level 4.0 Dodging
 - Level 1.5 Stealth


You had 3 spell levels left.
You didn't know any spells.
Your spell library was empty.

Inventory:

Hand Weapons
 a - a +1 shortbow of flaming (weapon)
Armour
 c - a +0 robe (worn)
 g - a +0 hat of willpower (worn)
Potions
 d - a potion of curing
 f - a potion of haste

Dungeon Overview and Level Annotations

Branches:
Dungeon (3/15)

Altars:

Shops:
D:1 !


Message History

The bombardier beetle is heavily wounded.
You shoot an arrow. The arrow hits the bombardier beetle.
The arrow burns the bombardier beetle.
The bombardier beetle is severely wounded.
You shoot an arrow.
The arrow closely misses the bombardier beetle.
The bombardier beetle sprays incendiary fluid at you.
The burning spray misses you.
You shoot an arrow. The arrow hits the bombardier beetle.
The arrow burns the bombardier beetle.
The bombardier beetle is almost dead.
You shoot an arrow.
The arrow barely misses the ribbon worm.
The ribbon worm expels a string of sticky webbing.
The stream of webbing hits you but does no damage.
You are caught in a web!
The bombardier beetle sprays incendiary fluid at you.
The burning spray hits you.
You are covered in liquid fire!
1718 ||| STAIRDANCE The liquid fire burns you!
The ribbon worm bites you.
You shake off some of the fire as you move.
You climb upwards.
The liquid fire burns you!
There is a stone staircase leading down here.
Enter note:
Enter note: You shoot an arrow.
The arrow hits the ribbon worm.
The arrow burns the ribbon worm.
The ribbon worm is severely wounded.
The liquid fire burns you!
The ribbon worm bites you but does no damage.
You shoot an arrow. The arrow hits the ribbon worm!
The arrow burns the ribbon worm.
You kill the ribbon worm!
The liquid fire burns you!
You are on fire!
The liquid fire burns you!
You die...

....# ##....#...................
.#..# #..###..)......#....##...#
....# ##.####..#).......##.####..
.#..# #..#.....#.......#.........
....###....#####.......#....)...#
..#.....##.................>....#
..#..#.###########.....#.<......#
#.#....###.............##.##..#.#
....#......#####@.......#.#......
#.#.#.#####....#......#.#.#######
#.#.#.# #......#...##.#......##
####### #.....#######.######.#. #
#....).............#.#. #
#....#######.......#.#. #
#####....# ###.....#.#. ##
#........#########.....#.#. ###
##.##..................#.##


There were no monsters in sight!

Vanquished Creatures
  Jessica (D:2)
  An adder (D:2)
  2 dart slugs
  2 ribbon worms (D:2)
  3 ball pythons
  4 bats (D:1)
  4 endoplasms (D:1)
  2 giant cockroaches (D:2)
  A goblin (D:2)
  A hobgoblin (D:1)
  5 quokkas
  2 frilled lizards
  6 kobolds
  3 rats (D:2)
37 creatures vanquished.

Notes
Turn   | Place    | Note
-------+----------+-------------------------------------------
     0 | D:1      | qw the Spriggan Hunter began the quest for the Orb.
     0 | D:1      | Reached XP level 1. HP: 10/10 MP: 2/2
     0 | D:1      | 0 ||| qw: Version: 0.3-a-160-g6735b56
     0 | D:1      | 0 ||| qw: Game counter: 5706
     0 | D:1      | 0 ||| qw: Melee chars always use a shield: true
     0 | D:1      | 0 ||| qw: God list: Okawaru
     0 | D:1      | 0 ||| qw: Allow faded altars: false
     0 | D:1      | 0 ||| qw: Do Orc after clearing Dungeon:15 true
     0 | D:1      | 0 ||| qw: Do second Lair branch before Depths: true
     0 | D:1      | 0 ||| qw: Lair rune preference: random
     0 | D:1      | 0 ||| qw: Goals: Normal
     0 | D:1      | 0 ||| PLANNING D:1-11
   153 | D:1      | Reached skill level 3 in Dodging
   243 | D:1      | Reached XP level 2. HP: 14/14 MP: 3/3
   270 | D:1      | Found Licsi's Distillery.
   284 | D:1      | 284 ||| SHOPLISTING potion of curing (33 gold, have 9).
   284 | D:1      | 284 ||| SHOPLISTING potion of heal wounds (55 gold, have
                  | 9).
   284 | D:1      | 284 ||| SHOPLISTING potion of mutation (88 gold, have 9).
   284 | D:1      | 284 ||| SHOPLISTING potion of resistance (110 gold, have
                  | 9).
   812 | D:1      | 812 ||| UPGRADING to +0 hat of willpower.
   817 | D:1      | 817 ||| READING scroll labelled DYVOME LEUJA.
   817 | D:1      | 817 ||| BRANDING +0 shortbow.
   818 | D:1      | 818 ||| READING scroll labelled BERAEGHOSIUG.
   818 | D:1      | 818 ||| ENCHANTING +0 shortbow of flaming.
   819 | D:1      | 819 ||| READING 2 scrolls labelled QUCSUI BORCH.
   819 | D:1      | 819 ||| IDENTIFYING viscous black potion
   820 | D:1      | 820 ||| DROPPING scroll of butterflies.
   845 | D:2      | Reached XP level 3. HP: 18/18 MP: 4/4
   865 | D:2      | 865 ||| FLEEEEING.
   867 | D:2      | 867 ||| FLEEEEING.
   869 | D:2      | 869 ||| FLEEEEING.
  1411 | D:2      | Noticed Jessica
  1412 | D:2      | 1412 ||| DROPPING scarf of invisibility.
  1413 | D:2      | 1413 ||| READING scroll of identify.
  1413 | D:2      | 1413 ||| IDENTIFYING orange potion
  1414 | D:2      | 1414 ||| READING scroll labelled NOAXAWUKKO.
  1415 | D:2      | 1415 ||| READING scroll labelled SAACON IMISIEB.
  1434 | D:2      | Killed Jessica
  1435 | D:2      | Reached skill level 5 in Ranged Weapons
  1435 | D:2      | Reached XP level 4. HP: 18/22 MP: 5/5
  1669 | D:2      | 1669 ||| READING scroll labelled IRINTISUCEEN.
  1718 | D:3      | 1718 ||| STAIRDANCE
  1720 | D:2      | HP: 4/22 [burnt (5)]
  1722 | D:2      | Incinerated by a bombardier beetle

Levels and vault maps discovered:
D:1:      psy_arrival_radial01, layout_loops_ring, serial_shops, shop,
          hangedman_decor_riveting
D:2:      layout_rooms, serial_co_window_serial, co_window_of_opportunity_a,
          co_window_corner_a, co_window_paths_a, co_window_corner_a,
          co_window_corner_a, co_window_of_opportunity_b,
          co_window_of_opportunity_b, co_window_broadway_c,
          co_window_broadway_a, co_window_corner_b, co_window_2corner,
          co_window_corner_b, co_window_paths_e, glass_columns_a,
          glass_columns_a, uniq_jessica
D:3:      layout_loops_ring, mainiacjoe_overflow_concentric_impassable,
          minmay_misc_feat_rows

Skill      XL: |  1  2  3 |
---------------+----------+-----
Dodging        | 3 4 |  4.0
Ranged Weapons | 5 |  5.2
Fighting       | |  1.5
Stealth        | |  1.5

Action                     |  1- 3 |  4- 6 || total
---------------------------+-------+-------++-------
   Fire: Shortbow          |    87 |     8 ||    95
    Use: Scroll            |     6 |     1 ||     7
 Armour: Robe              |     4 |     2 ||     6
  Dodge: Dodged            |    14 |     2 ||    16

Table legend:
 A = Non-vault XP
 B = Vault XP
 C = Vault XP percentage of total XP
 D = Non-vault monster count
 E = Vault monster count
 F = Vault count percentage of total count
                 A         B        C        D         E       F
            +---------+---------+-------+---------+---------+-------
      Total |      79 |      37 |  31.9 |      36 |       1 |   2.7
            +---------+---------+-------+---------+---------+-------
        D:1 |      35 |       0 |   0.0 |      19 |       0 |   0.0
        D:2 |      44 |      37 |  45.7 |      17 |       1 |   5.6
            +---------+---------+-------+---------+---------+-------
